 Dungeon Crawl Stone Soup version 0.28-a0-533-g9f97627e2a (webtiles) character file.

Game seed: 3149482210630163440

15908 blank1 the Protected (level 12, -2/115 HPs)
             Began as a Minotaur Fighter on Sept 25, 2021.
             Was an Elder of Okawaru.
             Slain by a boulder beetle (9 damage)
             ... on level 12 of the Dungeon.
             The game lasted 00:29:50 (12484 turns).

blank1 the Protected (Minotaur Fighter)            Turns: 12484, Time: 00:29:51

Health: -2/115     AC: 15    Str: 33    XL:     12   Next: 5%
Magic:  13/13      EV: 16    Int:  5    God:    Okawaru [****..]
Gold:   416        SH: 10    Dex: 12    Spells: 11/11 levels left

rFire   + . .      SeeInvis .   B - +5 war axe (vorpal)
rCold   . . .      Faith    .   c - +0 buckler
rNeg    . . .      Spirit   .   n - +0 plate armour
rPois   .          Reflect  +   (helmet restricted)
rElec   .          Harm     .   (no cloak)
rCorr   .          Rampage  .   (no gloves)
Will    +....                   (no boots)
Stlth   ..........              E - amulet of reflection
HPRegen 0.29/turn               f - +4 ring of evasion
MPRegen 0.13/turn               y - ring of Otubub {rF+ Will+ Str+9}

@: studying 2 skills
A: horns 2, retaliatory headbutt
a: Renounce Religion, Heroism, Finesse


You were on level 12 of the Dungeon.
You worshipped Okawaru.
Okawaru was greatly pleased with you.
You visited 2 branches of the dungeon, and saw 13 of its levels.
You also visited: Ossuary.

You collected 698 gold pieces.
You spent 282 gold pieces at shops.

Inventory:

Hand Weapons
 d - a +2 whip of electrocution
 B - a +5 vorpal war axe (weapon)
Missiles
 j - 4 throwing nets (quivered)
Armour
 c - a +0 buckler (worn)
 n - a +0 plate armour (worn)
Jewellery
 f - a +4 ring of evasion (left hand)
 y - the ring of Otubub (right hand) {rF+ Will+ Str+9}
   (You acquired it on level 8 of the Dungeon)

   [ring of protection from fire]

   Str:       It affects your strength (+9).
   rF:        It protects you from fire.
   Will:      It increases your willpower.
 E - an amulet of reflection (around neck)
 H - an amulet of magic regeneration
 I - a +4 ring of protection
Wands
 b - a wand of mindburst (13)
 u - a wand of paralysis (5)
 v - a wand of polymorph (8)
 w - a wand of flame (18)
 A - a wand of iceblast (18)
Scrolls
 a - a scroll of identify
 e - a scroll of torment
 h - 5 scrolls of teleportation
 k - 4 scrolls of enchant armour
 l - 3 scrolls of immolation
 r - a scroll of amnesia
 x - 2 scrolls of magic mapping
 z - 2 scrolls of enchant weapon
 F - a scroll of blinking
Potions
 g - a potion of might
 i - a potion of ambrosia
 m - 7 potions of heal wounds
 o - 2 potions of invisibility
 p - a potion of mutation
 q - 2 potions of curing
 s - 2 potions of resistance
 t - a potion of berserk rage
 C - 2 potions of flight
 D - 2 potions of lignification
 G - 3 potions of attraction
 J - a potion of cancellation


   Skills:
 - Level 13.0 Fighting
 + Level 12.9 Axes
 - Level 13.0 Armour
 + Level 10.7 Dodging
 + Level 6.8 Shields
 - Level 3.0 Invocations


You had 11 spell levels left.
You didn't know any spells.
Your spell library contained the following spells:

 Spells                   Type           Power      Damage    Failure   Level
 Pain                     Necr           0%         1d4       95%         1
 Portal Projectile        Hex/Tloc       0%         N/A       100%        3
 Vampiric Draining        Necr           0%         2d6       100%        3
 Hailstorm                Conj/Ice       0%         3d3       100%        4
 Ice Form                 Ice/Tmut       0%         N/A       100%        4
 Blade Hands              Tmut           0%         N/A       100%        5
 Excruciating Wounds      Necr           0%         N/A       100%        5
 Animate Skeleton         Necr           Unusable   N/A       N/A         1
 Summon Forest            Summ/Tloc      Unusable   N/A       N/A         5
 Summon Mana Viper        Hex/Summ       Unusable   N/A       N/A         5
 Simulacrum               Ice/Necr       Unusable   N/A       N/A         6
 Summon Cactus Giant      Summ           Unusable   N/A       N/A         6

Dungeon Overview and Level Annotations

Branches:
Dungeon (12/15)            Temple (1/1) D:7            Lair (0/6) D:11
    Orc (0/2) D:10        Ossuary (visited)

Altars:
Ashenzari
Cheibriados
Dithmenos
Elyvilon
Fedhas
Gozag
Hepliaklqana
Kikubaaqudgha
Makhleb
Nemelex Xobeh
Okawaru
Qazlal
Ru
Sif Muna
Trog
Uskayaw
Vehumet
Wu Jian
Xom
Yredelemnul
Zin
The Shining One

Shops:
D:4 ?   D:5 *   D:8 (   D:11 *


Innate Abilities, Weirdness & Mutations

You have a pair of horns on your head.
You reflexively headbutt those who attack you in melee.


Message History

The boulder beetle is heavily wounded.
The boulder beetle leaps!
You hit the boulder beetle.
Your headbutt misses the boulder beetle.
The boulder beetle is heavily wounded.
The boulder beetle barely misses you.
Your plate armour prevents you from hitting the boulder beetle.
The boulder beetle is heavily wounded.
The boulder beetle leaps!
You block the boulder beetle's attack.
You hit the boulder beetle.
The boulder beetle is heavily wounded.
The boulder beetle closely misses you.
You hit the boulder beetle but do no damage.
The boulder beetle is heavily wounded.
The boulder beetle bites you!!
You slash the boulder beetle!
The boulder beetle is almost dead.
You block the boulder beetle's attack.
You hit the boulder beetle but do no damage.
You headbutt the boulder beetle, but do no damage.
The boulder beetle is almost dead.
The boulder beetle misses you.
You barely miss the boulder beetle.
The boulder beetle is severely wounded.
You slash the boulder beetle!
You headbutt the boulder beetle, but do no damage.
The boulder beetle is almost dead.
The boulder beetle bites you!
* * * LOW HITPOINT WARNING * * *
You hit the boulder beetle but do no damage.
Your headbutt misses the boulder beetle.
The boulder beetle is almost dead.
The boulder beetle bites you!
* * * LOW HITPOINT WARNING * * *
You hit the boulder beetle but do no damage.
You headbutt the boulder beetle, but do no damage.
The boulder beetle is almost dead.
The boulder beetle bites you!
You die...

#####.#...# #.#.#
..........### #.#..
.####.......#.##.#.#
.# #.....#.#......#
.# #)..###.# #.#.#
.# #...###.# #.#.#
.####.......# #...#
...<#....#### #...#
#####....# #@#.#
....[....# #B#.#
.#####...#######.#.#
.#..............(#.#
.#.##..#.#######.#.#
.#.##..#.#...(...#.#
.#.....#.#.#.....#.#
.###...#.#.#####.#.#
.###.###.#.........#


You could see a boulder beetle.

Vanquished Creatures
  The ghost of MikuNakano the Carver, a journeyman VSBe of Trog (D:11)
  An ogre mage (D:11)
  6 two-headed ogres
  Pikel (D:4)
  2 deep elf pyromancers
  A cyclops (D:11)
  2 slime creatures (D:7)
  4 trolls
  2 meliai (D:12)
  2 meliai zombies
  2 wyverns
  8 yaks
  4 shadows
  A basilisk (D:10)
  A steam dragon (D:10)
  2 water moccasins
  Duvessa (D:4)
  7 orc warriors
  3 ogres
  4 centaurs
  2 wolves (D:11)
  A phantom (D:5)
  3 elf zombies (Ossuary)
  3 kobold brigands (D:10)
  3 bullfrogs
  Dowan (D:4)
  A gnoll sergeant (D:10)
  A water moccasin zombie (D:5)
  13 killer bees
  3 wights (D:8)
  7 howler monkeys
  5 electric eels
  2 bullfrog zombies (D:5)
  3 centaur zombies
  3 jellies
  A human zombie (Ossuary)
  5 orc priests
  A gnoll shaman (D:6)
  10 hounds
  A centaur skeleton (D:7)
  3 orc wizards
  A hound skeleton (D:5)
  2 mummies (Ossuary)
  3 howler monkey zombies
  15 gnolls
  7 adders
  A shadow imp (D:6)
  A white imp (D:8)
  2 adder zombies (Ossuary)
  A worm (D:2)
  4 dart slugs
  13 orcs
  6 bats
  12 endoplasms
  2 giant cockroaches
  5 goblins
  11 hobgoblins
  8 jackals
  7 quokkas
  7 ball pythons
  6 frilled lizards
  A goblin zombie (Ossuary)
  10 hobgoblin zombies (Ossuary)
  A jackal zombie (Ossuary)
  7 kobolds
  8 kobold zombies (Ossuary)
  8 orc zombies
  4 rats
  3 rat zombies (Ossuary)
283 creatures vanquished.

Vanquished Creatures (collateral kills)
  A scorpion (D:7)
1 creature vanquished.

Vanquished Creatures (others)
  A shadow imp (D:7)
1 creature vanquished.

Grand Total: 285 creatures vanquished

Notes
Turn   | Place    | Note
-------+----------+-------------------------------------------
     0 | D:1      | blank1 the Minotaur Fighter began the quest for the Orb.
     0 | D:1      | Reached XP level 1. HP: 19/19 MP: 0/0
   173 | D:1      | Reached XP level 2. HP: 26/27 MP: 1/1
   393 | D:1      | Reached XP level 3. HP: 31/33 MP: 2/2
  1301 | D:2      | Reached XP level 4. HP: 40/40 MP: 3/3
  1370 | D:2      | Found a faded altar of an unknown god.
  1944 | D:3      | Found a hide-covered altar of Uskayaw.
  2014 | D:3      | Found a sacrificial altar of Ru.
  2175 | D:3      | Found a snail-covered altar of Cheibriados.
  2184 | D:3      | Reached skill level 5 in Armour
  2263 | D:3      | Found an ancient bone altar of Kikubaaqudgha.
  2411 | D:3      | Found a stormy altar of Qazlal.
  2907 | D:4      | Reached skill level 1 in Dodging
  2917 | D:4      | Noticed Pikel
  2917 | D:4      | Noticed a lemure
  2917 | D:4      | Noticed a lemure
  2917 | D:4      | Noticed a lemure
  2927 | D:4      | Killed Pikel
  2928 | D:4      | Reached skill level 5 in Fighting
  2928 | D:4      | Reached XP level 5. HP: 49/51 MP: 4/4
  2928 | D:4      | Reached XP level 6. HP: 55/58 MP: 5/5
  2928 | D:4      | Reached XP level 7. HP: 61/64 MP: 6/6
  2961 | D:4      | Found a sand-covered staircase.
  2977 | Ossuary  | Entered an ossuary
  3508 | D:4      | Found Kueptez's Magic Scroll Boutique.
  3518 | D:4      | Bought a scroll of enchant armour for 82 gold pieces
  3679 | D:4      | Noticed Dowan
  3679 | D:4      | Noticed Duvessa
  3698 | D:5      | Entered Level 5 of the Dungeon
  3844 | D:4      | Killed Duvessa
  3845 | D:4      | Reached XP level 8. HP: 73/73 MP: 7/7
  3848 | D:4      | Killed Dowan
  4201 | D:5      | You fall into a shaft and drop 2 floors!
  4288 | D:7      | You fall into a shaft and drop 1 floor!
  4785 | D:6      | Reached XP level 9. HP: 67/81 MP: 8/8
  5243 | D:5      | Reached skill level 5 in Dodging
  5377 | D:5      | Found a sparkling altar of Nemelex Xobeh.
  5377 | D:5      | Found a radiant altar of Vehumet.
  5384 | D:5      | Found a shimmering blue altar of Sif Muna.
  5386 | D:5      | Found a blossoming altar of Fedhas.
  5388 | D:5      | Found a burning altar of Makhleb.
  5479 | D:5      | Found Qammeusk's Serpentskin Sales.
  5708 | D:6      | Reached skill level 10 in Axes
  6484 | D:7      | Killed a large slime creature
  6485 | D:7      | Reached skill level 10 in Fighting
  6754 | D:7      | Reached skill level 5 in Shields
  7133 | D:7      | Found a staircase to the Ecumenical Temple.
  7143 | Temple   | Entered the Ecumenical Temple
  7379 | Temple   | Became a worshipper of Warmaster Okawaru
  7581 | D:8      | Identified 3 scrolls of acquirement
  7581 | D:8      | Acquired the ring of Otubub {rF+ Will+ Str+9}
  7585 | D:8      | Acquired a manual of Dodging
  7591 | D:8      | Acquired a manual of Armour
  7597 | D:8      | Found an ornate altar of the Wu Jian Council.
  7726 | D:8      | Found Ylue's Antique Weapon Emporium.
  7785 | D:8      | Noticed a deep elf pyromancer
  7791 | D:8      | Killed a deep elf pyromancer
  7791 | D:8      | Reached * piety under Okawaru
  7792 | D:8      | Reached skill level 1 in Invocations
  7792 | D:8      | Reached XP level 10. HP: 93/93 MP: 8/10
  8057 | D:8      | Noticed a two-headed ogre
  8064 | D:8      | Killed a two-headed ogre
  8101 | D:8      | Found a bloodstained altar of Trog.
  8101 | D:8      | Found a shimmering altar of Xom.
  8407 | D:8      | Identified the +2 long sword "Hook Lep" {elec, Fly Int+2
                  | Stlth+}
  8434 | D:8      | Bought an encrusted hand axe for 200 gold pieces
  8434 | D:8      | Identified the +3 hand axe "Botan" {freeze, Int+7 Stlth+}
                  | (You bought it in a shop on level 8 of the Dungeon)
  8540 | D:9      | Reached skill level 10 in Armour
  8659 | D:9      | Reached ** piety under Okawaru
  9023 | D:10     | Entered Level 10 of the Dungeon
  9249 | D:10     | Noticed a two-headed ogre
  9255 | D:10     | Killed a two-headed ogre
  9256 | D:10     | Reached skill level 10 in Dodging
  9658 | D:10     | Found a staircase to the Orcish Mines.
  9699 | D:10     | Reached XP level 11. HP: 56/102 MP: 12/12
  9888 | D:10     | Reached *** piety under Okawaru
 10593 | D:11     | Found Woseuj's Evil Emporium.
 10713 | D:11     | Found a runed translucent door.
 10713 | D:11     | Noticed MikuNakano's ghost (journeyman VSBe)
 10800 | D:11     | Found a staircase to the Lair.
 11120 | D:11     | Noticed a two-headed ogre
 11120 | D:11     | Noticed a two-headed ogre
 11121 | D:11     | Noticed an ogre mage
 11123 | D:11     | Noticed a two-headed ogre
 11123 | D:11     | Noticed a two-headed ogre
 11125 | D:11     | Killed a two-headed ogre
 11126 | D:11     | Killed a two-headed ogre
 11134 | D:11     | Killed a two-headed ogre
 11134 | D:11     | Reached **** piety under Okawaru
 11136 | D:11     | Killed a two-headed ogre
 11142 | D:11     | Killed an ogre mage
 11864 | D:11     | Killed MikuNakano's ghost
 11950 | D:12     | Noticed a deep elf pyromancer
 11958 | D:12     | Killed a deep elf pyromancer
 12091 | D:12     | Reached XP level 12. HP: 107/115 MP: 13/13
 12463 | D:12     | Noticed a boulder beetle
 12484 | D:12     | Slain by a boulder beetle

Illustrated notes

Levels and vault maps discovered:
D:1:      amcnicky_arrival_blooded_trapdoor, layout_loops_ring,
          chequers_arboretum, amcnicky_mini_pool_small
D:2:      layout_loops_ring, shapermc_ecumenical_altar_venn, minivault_23,
          fountainhead, st_stairs_12, minmay_tromino_v2
D:3:      layout_basic, eat_drink_and_be_merry_uskayaw,
          nicolae_ru_the_path_less_chosen, grunt_temple_overflow_open,
          nrook_uturn, kennysheep_flooded_box
D:4:      layout_rooms, serial_shops, nicolae_lakefront_shop, enter_ossuary_3,
          uniq_pikel, uniq_duvessa
D:5:      layout_loops_ring, chequers_temple_overflow_minitemple,
          guppyfry_shop_venom
D:6:      layout_cave_pools
D:7:      layout_cave_pools, lemuel_temple_firewalk_b, serial_co_window_serial,
          co_window_of_opportunity_a, co_window_paths_a, co_window_paths_a,
          co_window_corner_a, co_window_corner_a, co_window_broadway_c,
          co_window_corner_ca, co_window_cross_4, co_window_unsneaky_path_e,
          co_window_of_opportunity_b
D:8:      layout_basic, mainiacjoe_overflow_tiny_flanked,
          gammafunk_temple_overflow_elements, serial_shops, shop_fountains,
          guppyfry_early_elven_hall
D:9:      layout_rooms
D:10:     layout_basic, kennysheep_orc_monster_closet_entryway
D:11:     layout_irregular_city, erik_lair_island,
          hellmonk_ghost_happy_afterlife, nicolae_evil_shop
D:12:     layout_basic, special_room [special_room_bee]
Temple:   jpeg_temple_alley_garden

Skill      XL: |  1  2  3  4  5  6  7  8  9 10 11 |
---------------+----------------------------------+-----
Armour         | 4 5 7 8 11 13 | 13.0
Shields        | 4 6 |  6.8
Fighting       | 4 6 7 8 10 11 13 | 13.0
Axes           | 3 6 8 9 10 12 | 12.9
Dodging        | 2 4 6 10 | 10.7
Invocations    | 1 3 |  3.0

Action                   |  1- 3 |  4- 6 |  7- 9 | 10-12 || total
-------------------------+-------+-------+-------+-------++-------
Melee: War axe           |    99 |    73 |   289 |   239 ||   700
       Headbutt          |     9 |    11 |    65 |    60 ||   145
Invok: Heroism           |       |       |       |     3 ||     3
  Use: Scroll            |       |     3 |    18 |     8 ||    29
       Potion            |       |     1 |       |     1 ||     2
Armor: Scale mail        |    44 |    33 |    55 |       ||   132
       Chain mail        |       |       |    10 |     7 ||    17
       Plate armour      |       |       |       |    51 ||    51
Dodge: Dodged            |    49 |    33 |   166 |   115 ||   363
Block: Buckler           |    18 |    10 |    45 |   107 ||   180
       Reflection        |       |       |       |     1 ||     1

Table legend: (Time is in decaauts)
 A = Elapsed time spent in this place.
 B = Non-inter-level travel time spent in this place.
 C = Inter-level travel time spent in this place.
 D = Time resting spent in this place.
 E = Time spent auto-exploring this place.
 F = Levels seen in this place.
 G = Mean time per level.
                   A        B        C        D        E       F      G
               +--------+--------+--------+--------+--------+-----+--------+
         Total |  12551 |  11873 |    678 |   1879 |   7821 |  14 |  896.5 |
       Dungeon |  11767 |  11188 |    579 |   1660 |   7547 |  12 |  980.6 |
        Temple |    277 |    178 |     99 |      0 |    171 |   1 |  277.0 |
       Ossuary |    505 |    505 |      0 |    219 |    103 |   1 |  505.0 |
               +--------+--------+--------+--------+--------+-----+--------+

Top non-repeatable levels by time:
    D:11: 1366 daAuts
    D:10: 1347 daAuts
     D:8: 1336 daAuts
     D:1: 1137 daAuts
     D:5: 1135 daAuts
     D:3: 967 daAuts
     D:6: 945 daAuts
     D:7: 931 daAuts
     D:2: 793 daAuts
     D:9: 723 daAuts
    D:12: 584 daAuts
 Ossuary: 505 daAuts
     D:4: 498 daAuts
  Temple: 277 daAuts
